 Dungeon Crawl Stone Soup version 0.31-a0-271-gb88eb75e06 (webtiles) character file.

Game seed: 7494465403697982681

5168 HallandMoats the Fighter (level 10, -9/85 HPs)
             Began as a Demonspawn Fighter on July 15, 2023.
             Was a High Priest of Okawaru.
             Mangled by a boulder beetle (21 damage)
             ... on level 8 of the Dungeon.
             The game lasted 00:14:34 (9085 turns).

HallandMoats the Fighter (Demonspawn Fighter)       Turns: 9085, Time: 00:14:35

Health: -9/85      AC:  6    Str: 20    XL:     10   Next: 34%
Magic:  16/16      EV: 11    Int: 10    God:    Okawaru [*****.]
Gold:   609        SH:  5    Dex: 13    Spells: 9/9 levels left

rFire   . . .        a - +1 war axe (flame)
rCold   . . .        c - +0 buckler
rNeg    . . .        h - +0 steam dragon scales
rPois   .            (helmet restricted)
rElec   .            v - +0 cloak
rCorr   .            (no gloves)
SInv    +            (no boots)
Will    +....        (no amulet)
Stlth   +            e - ring of see invisible
HPRegen 0.34/turn    s - ring of willpower
MPRegen 0.15/turn

%: no passive effects
@: no status effects
A: hooves 2, horns 2, ignite blood 1, spiny 2, demonic touch 1, MP-powered wands
a: Renounce Religion, Heroism, Finesse, Duel


You were on level 8 of the Dungeon.
You worshipped Okawaru.
Okawaru was extremely pleased with you.
You visited 1 branch of the dungeon, and saw 8 of its levels.
You also visited: Sewer and Ossuary.

You collected 609 gold pieces.

Inventory:

Hand Weapons
 a - a +1 war axe of flaming (weapon)
Armour
 c - a +0 buckler (worn)
 h - +0 steam dragon scales (worn)
 v - a +0 cloak (worn)
Jewellery
 e - a ring of see invisible (left hand)
 g - a +6 ring of dexterity
 r - the ring "Efiqiexo" {Drain rElec rF+ Str+2 Int+4}
   (You found it on level 6 of the Dungeon)

   [ring of protection from fire]

   Str:       It affects your strength (+2).
   Int:       It affects your intelligence (+4).
   rF:        It protects you from fire.
   rElec:     It insulates you from electricity.
   Drain:     It drains your maximum health when unequipped.
 s - a ring of willpower (right hand)
 E - a ring of poison resistance
 F - a ring of magical power
Wands
 t - a wand of mindburst (16)
 y - a wand of digging (11)
Scrolls
 f - 5 scrolls of poison
 k - 4 scrolls of fear
 l - 3 scrolls of teleportation
 o - a scroll of brand weapon
 p - 3 scrolls of enchant weapon
 q - a scroll of blinking
 B - a scroll of acquirement {unknown}
 C - 4 scrolls of identify
 I - a scroll of amnesia
Potions
 b - 5 potions of curing {unknown}
 d - 3 potions of degeneration
 i - a potion of resistance
 j - 3 potions of attraction
 m - 5 potions of enlightenment
 n - 2 potions of invisibility
 u - a potion of magic
 w - 2 potions of brilliance
 x - a potion of cancellation
 z - 2 potions of lignification
 A - 3 potions of heal wounds {unknown}
 D - 2 potions of haste {unknown}
 G - a potion of berserk rage {unknown}
 H - 3 potions of ambrosia {unknown}


   Skills:
 * Level 10.3 Fighting
 + Level 6.5 Axes
 - Level 2.6 Armour
 + Level 6.9 Shields
 + Level 8.9 Invocations


You had 9 spell levels left.
You didn't know any spells.
Your spell library contained the following spells:

 Spells                   Type           Power      Damage    Failure   Level
 Apportation              Tloc           0%         N/A       41%         1
 Necrotise                Necr           0%         1d4       41%         1
 Blink                    Tloc           0%         N/A       56%         2
 Sublimation of Blood     Necr           0%         N/A       56%         2
 Wereblood                Tmut           0%         N/A       56%         2
 Frozen Ramparts          Ice            0%         1d1       80%         3
 Manifold Assault         Tloc           0%         N/A       99%         4
 Petrify                  Tmut/Erth      0%         N/A       99%         4
 Metabolic Englaciation   Hex/Ice        0%         N/A       100%        5
 Summon Small Mammal      Summ           Unusable   N/A       N/A         1
 Summon Hydra             Summ           Unusable   N/A       N/A         7

Dungeon Overview and Level Annotations

Branches:
Dungeon (8/15)             Temple (0/1) D:4           Sewer (visited)
Ossuary (visited)
   Lair: D:8-11

Altars:
Okawaru

Shops:
D:2 [(   D:8 (


Innate Abilities, Weirdness & Mutations

You have hoof-like feet.
You have a pair of horns on your head.
Your demonic aura sometimes causes spilled blood to erupt in flames.
You are mostly covered in sharp spines.
Your touch may inflict minor irresistible damage on your foes.
You expend magic power (3 MP) to strengthen your wands.


Message History

The cyclops is almost dead.
The cyclops is engulfed in blazing flames.
You kill the cyclops!
Okawaru accepts your kill.
You see here 5 large rocks.
Things that are here:
a +0 short sword; 3 poisoned darts; a kobold corpse The boulder beetle leaps!
The boulder beetle leaps!
A yak comes into view.
The boulder beetle curls into a ball and begins rolling!
The boulder beetle hits you!!!
The boulder beetle stops rolling and uncurls.
You hear a shout! x2
You hit the boulder beetle but do no damage.
You kick the boulder beetle, but do no damage.
You headbutt the boulder beetle, but do no damage.
You hear a shout!
The boulder beetle is struck by your spines.
The boulder beetle bites you but does no damage.
You hit the boulder beetle but do no damage.
You kick the boulder beetle, but do no damage.
The boulder beetle is lightly wounded.
The boulder beetle closely misses you. The boulder beetle bites you!!
* * * LOW HITPOINT WARNING * * *
You hit the boulder beetle but do no damage.
You kick the boulder beetle, but do no damage.
You headbutt the boulder beetle, but do no damage.
The boulder beetle is lightly wounded.
The boulder beetle completely misses you.
You hit the boulder beetle. You burn the boulder beetle.
You kick the boulder beetle, but do no damage.
You headbutt the boulder beetle, but do no damage.
The boulder beetle is lightly wounded.
The boulder beetle bites you!
* * * LOW HITPOINT WARNING * * *
You hit the boulder beetle but do no damage.
The boulder beetle is lightly wounded.
The boulder beetle bites you!!
You die...

#♣...♣# #♣.).♣#.#
#.....# #)♣.♣.#.#
#♣...♣# #♣...♣#.#
♣♣.♣♣ #.....#.# ♣.♣
##♣.♣##.# ♣♣.♣♣ ♣♣♣
♣.♣ #.# #♣...♣#♣..
♣.♣ #.#
#.#'#.#♣.♣♣♣♣♣♣♣♣♣♣♣
♣♣)♣♣#.#
#.#)#.#♣.♣..YB@....♣
♣.).♣
#.#)#.#♣.♣.♣♣♣♣♣♣♣.♣
♣...♣ #.#)#.#♣.♣ ♣.♣
♣...♣ #.#.#.♣♣.♣
♣.♣.♣♣♣...♣#
#.#.#....♣
♣.♣........#
#.#.#.♣♣.♣
♣.♣.♣♣♣...♣#
#.#.#.#♣.♣ ♣.♣ ♣...♣
#.#.#.#♣.♣♣♣♣♣♣♣♣♣.♣
♣...♣
#.#.#.#♣.....).....♣
♣...♣


You could see a boulder beetle and a yak.

Vanquished Creatures
  A cyclops (D:8)
  Grinder (D:6)
  6 yaks (D:8)
  2 steam dragons
  Menkaure (D:4)
  Edmund (D:4)
  A sky beast (D:6)
  3 orc warriors
  An ogre (D:4)
  4 centaurs
  2 phantoms
  2 bullfrogs (D:6)
  A gnoll sergeant (D:7)
  2 kobold brigands (D:8)
  A wyvern zombie (Ossuary)
  3 scorpions
  A water moccasin zombie (Ossuary)
  4 wights (D:7)
  2 howler monkeys (D:7)
  3 centaur zombies (Ossuary)
  5 bullfrog zombies (Ossuary)
  A jelly (D:8)
  An orc priest (D:6)
  A gnoll bouda (D:7)
  3 hounds
  4 iguanas
  A sleepcap (D:7)
  5 orc wizards
  A killer bee zombie (Ossuary)
  17 mummies
  A howler monkey zombie (Ossuary)
  9 gnolls
  4 river rats (Sewer)
  14 adders
  A shadow imp (D:7)
  2 white imps
  2 ufetubi (D:6)
  3 worms (D:2)
  2 dart slugs (D:1)
  22 orcs
  15 bats
  4 endoplasms
  11 giant cockroaches
  9 goblins
  10 hobgoblins
  4 jackals
  8 kobolds
  7 quokkas
  14 ball pythons
  3 frilled lizards
  5 rats
231 creatures vanquished.

Notes
Turn   | Place    | Note
-------+----------+-------------------------------------------
     0 | D:1      | HallandMoats the Demonspawn Fighter began the quest for the
                  | Orb.
     0 | D:1      | Reached XP level 1. HP: 18/18 MP: 1/1
    41 | D:1      | Found a faded altar of an unknown god.
    54 | D:1      | Prayed at the altar of an unknown god.
    54 | D:1      | Became a worshipper of Warmaster Okawaru
    54 | D:1      | Reached * piety under Okawaru
   108 | D:1      | Discovered your monstrous ancestry.
   108 | D:1      | Gained mutation: You have large cloven feet. [demonic
                  | ancestry]
   108 | D:1      | Reached XP level 2. HP: 24/24 MP: 2/2
   143 | D:1      | Reached skill level 1 in Invocations
   321 | D:1      | Gained mutation: You are partially covered in sharp spines.
                  | [demonic ancestry]
   321 | D:1      | Reached XP level 3. HP: 25/29 MP: 3/3
  1037 | D:2      | Found Sowe's Antique Armour Emporium.
  1105 | D:2      | You fall into a shaft and drop 2 floors!
  1107 | D:4      | Noticed Menkaure
  1112 | D:4      | Killed Menkaure
  1113 | D:4      | Reached skill level 4 in Fighting
  1113 | D:4      | Gained mutation: You have a pair of small horns on your
                  | head. [demonic ancestry]
  1113 | D:4      | Reached XP level 4. HP: 37/38 MP: 4/6
  1113 | D:4      | Reached XP level 5. HP: 42/43 MP: 4/7
  1135 | D:4      | Noticed an ogre
  1143 | D:4      | Killed an ogre
  1144 | D:4      | Gained mutation: You are mostly covered in sharp spines.
                  | [demonic ancestry]
  1144 | D:4      | Reached XP level 6. HP: 36/50 MP: 8/8
  1155 | D:4      | Reached skill level 5 in Fighting
  1410 | D:4      | Found a glowing drain.
  1417 | D:4      | Reached ** piety under Okawaru
  1444 | Sewer    | Entered a sewer
  2339 | D:4      | Gained mutation: You have hoof-like feet. [demonic
                  | ancestry]
  2339 | D:4      | Reached XP level 7. HP: 50/56 MP: 8/10
  2440 | D:4      | Found a staircase to the Ecumenical Temple.
  2444 | D:4      | Noticed Edmund
  2457 | D:4      | Killed Edmund
  2670 | D:4      | Reached skill level 6 in Fighting
  3675 | D:2      | Found Row Xoor's Weapon Shoppe.
  4155 | D:2      | Reached skill level 5 in Invocations
  4263 | D:5      | Entered Level 5 of the Dungeon
  4269 | D:5      | Identified the staff "Xaqume" {rElec rF+++ Str+5 Dex-5
                  | Necro Air}
  4815 | D:5      | Gained mutation: Your demonic aura sometimes causes spilled
                  | blood to erupt in flames. [demonic ancestry]
  4815 | D:5      | Reached XP level 8. HP: 65/65 MP: 11/11
  5279 | D:6      | Gained mutation: Your flesh is cold resistant. (rC+)
                  | [potion of mutation]
  5279 | D:6      | Gained mutation: You are strong-willed. (Will+) [potion of
                  | mutation]
  5279 | D:6      | Gained mutation: You do not regenerate when monsters are
                  | visible. [potion of mutation]
  5280 | D:6      | Lost mutation: You do not regenerate when monsters are
                  | visible. [potion of mutation]
  5280 | D:6      | Lost mutation: You are strong-willed. (Will+) [potion of
                  | mutation]
  5280 | D:6      | Lost mutation: Your flesh is cold resistant. (rC+) [potion
                  | of mutation]
  5280 | D:6      | Gained mutation: You expend magic power (3 MP) to
                  | strengthen your wands. [potion of mutation]
  5476 | D:6      | Reached skill level 7 in Fighting
  5576 | D:6      | Noticed Grinder
  5587 | D:6      | Identified the ring "Efiqiexo" {Drain rElec rF+ Str+2
                  | Int+4}
  5590 | D:6      | Killed Grinder
  5591 | D:6      | Reached skill level 5 in Shields
  5632 | D:6      | Reached *** piety under Okawaru
  6825 | D:7      | Reached skill level 5 in Axes
  6965 | D:7      | Reached skill level 8 in Fighting
  6968 | D:7      | Gained mutation: You have a pair of horns on your head.
                  | [demonic ancestry]
  6968 | D:7      | Reached XP level 9. HP: 74/74 MP: 12/14
  7980 | D:8      | Found Nuufoplas's Weapon Shop.
  8071 | D:8      | Reached **** piety under Okawaru
  8072 | D:8      | Reached skill level 9 in Fighting
  8200 | D:8      | Found a sand-covered staircase.
  8208 | Ossuary  | Entered an ossuary
  8312 | Ossuary  | Reached ***** piety under Okawaru
  8313 | Ossuary  | Gained mutation: Your touch may inflict minor irresistible
                  | damage on your foes. [demonic ancestry]
  8313 | Ossuary  | Reached XP level 10. HP: 76/84 MP: 16/16
  8876 | D:8      | Reached skill level 10 in Fighting
  9064 | D:8      | Noticed a cyclops
  9070 | D:8      | Noticed a boulder beetle
  9073 | D:8      | Killed a cyclops
  9085 | D:8      | Mangled by a boulder beetle

Illustrated notes

Levels and vault maps discovered:
D:1:      minmay_arrival_solitary_statue, layout_rooms,
          shapermc_ecumenical_altar_mp_ritualfount, serial_rivers,
          chequers_serial_rivers_room_b, chequers_serial_rivers_large_a,
          chequers_serial_rivers_small_b, chequers_serial_rivers_micro_a,
          chequers_serial_rivers_micro_c, patterned_corridor
D:2:      layout_loops_corners, serial_shops, nicolae_shop_tiny_glass, shop,
          minmay_misc_feat_tiny
D:3:      layout_basic, fountainhead, chequers_avenue
D:4:      layout_loops_cross, minmay_temple_entry_purple_smoke,
          portal_sewer_entry_a, minmay_three_crescents, uniq_menkaure,
          uniq_edmund
D:5:      layout_basic, mainiacjoe_overflow_chevrons, grunt_ministairs_10
D:6:      layout_basic, uniq_grinder
D:7:      layout_cave_pods
D:8:      nzn_winding_woodlands_large [nzn_winding_woodlands_5x5_default,
          nzn_winding_woodlands_5x15_longhouse, nzn_winding_woodlands_5x5_three,
          nzn_winding_woodlands_center_diamonds,
          nzn_winding_woodlands_15x15_boxy_spiral,
          nzn_winding_woodlands_center_pierced_h,
          nzn_winding_woodlands_hourglass, nzn_winding_woodlands_5x15_default,
          nzn_winding_woodlands_5x5_open_star], layout_basic,
          ebering_ghost_gozag, serial_shops, nicolae_shop_bloodbath_and_beyond,
          gup_ossuary_entry_pyramid

Skill      XL: |  1  2  3  4  5  6  7  8  9 10 |
---------------+-------------------------------+-----
Axes           | 2 3 4 5 6 |  6.5
Invocations    | 1 2 3 4 5 6 8 |  8.9
Shields        | 3 4 5 6 |  6.9
Fighting       | 4 5 6 8 9 10 | 10.3
Armour         | |  2.6

Action                     |  1- 3 |  4- 6 |  7- 9 | 10-12 || total
---------------------------+-------+-------+-------+-------++-------
  Melee: War axe           |    93 |    65 |   212 |    63 ||   433
         Kick              |    24 |    19 |    70 |    20 ||   133
         Headbutt          |       |    11 |    45 |    17 ||    73
 Invoke: Heroism           |       |       |     2 |       ||     2
    Use: Potion            |     1 |     1 |     2 |       ||     4
         Scroll            |       |       |    21 |       ||    21
 Armour: Scale mail        |    40 |    40 |    27 |       ||   107
         Steam dragon scal |       |       |    29 |     6 ||    35
  Dodge: Dodged            |    39 |    34 |   107 |    28 ||   208
  Block: Buckler           |    19 |    27 |    65 |     7 ||   118

Table legend: (Time is in decaauts)
 A = Elapsed time spent in this place.
 B = Non-inter-level travel time spent in this place.
 C = Inter-level travel time spent in this place.
 D = Time resting spent in this place.
 E = Time spent auto-exploring this place.
 F = Levels seen in this place.
 G = Mean time per level.
                   A        B        C        D        E       F      G
               +--------+--------+--------+--------+--------+-----+--------+
         Total |   9444 |   9118 |    326 |    973 |   6268 |  10 |  944.4 |
       Dungeon |   7991 |   7665 |    326 |    813 |   5503 |   8 |  998.9 |
         Sewer |    909 |    909 |      0 |    133 |    481 |   1 |  909.0 |
       Ossuary |    542 |    542 |      0 |     27 |    283 |   1 |  542.0 |
               +--------+--------+--------+--------+--------+-----+--------+

Top non-repeatable levels by time:
     D:6: 1513 daAuts
     D:7: 1031 daAuts
     D:5: 1020 daAuts
     D:2: 1009 daAuts
     D:1: 920 daAuts
   Sewer: 909 daAuts
     D:4: 892 daAuts
     D:8: 803 daAuts
     D:3: 799 daAuts
 Ossuary: 542 daAuts
